 Dungeon Crawl Stone Soup version 0.31-a0-204-g7da18cac08 (webtiles) character file.

Game seed: 2170381982102653927

8730 senseless the Covert (level 11, -3/80 HPs)
             Began as an Octopode Gladiator on June 27, 2023.
             Was a Believer of Dithmenos.
             Killed from afar by Lodul (29 damage)
             ... with a bolt of lightning
             ... on level 10 of the Dungeon.
             The game lasted 00:25:43 (8975 turns).

senseless the Covert (Octopode Gladiator)           Turns: 8975, Time: 00:25:44

Health: -3/80      AC:  2    Str: 26    XL:     11   Next: 35%
Magic:  11/11      EV: 21    Int: 10    God:    Dithmenos [**....]
Gold:   513        SH:  5    Dex: 24    Spells: 9/10 levels left

rFire   . . .        h - +7 scimitar
rCold   . . .        (no shield)
rNeg    . . .        b - +1 hat
rPois   .            y - amulet of reflection
rElec   .            g - ring of willpower
rCorr   .            m - +6 ring of strength
SInv    .            n - +6 ring of dexterity
Will    ++...        p - +6 ring of strength
Stlth   ++++++++     D - ring of willpower
HPRegen 0.33/turn    F - ring of flight
MPRegen 0.12/turn    (no ring)
                     (no ring)

%: reflection
@: flying, wreathed by umbra
A: almost no armour, amphibious, 8 rings, camouflage 1, gelatinous body 1,
(nimble swimmer 1), tentacles
a: Renounce Religion, Shadow Step


You were on level 10 of the Dungeon.
You worshipped Dithmenos.
Dithmenos was pleased with you.
You visited 2 branches of the dungeon, and saw 11 of its levels.

You collected 513 gold pieces.

Inventory:

Hand Weapons
 a - a +2 flail of protection
 h - a +7 scimitar (weapon)
 k - a +2 dagger of speed
 A - a +4 dagger of freezing
 B - a +4 falchion of freezing
Missiles
 c - 7 throwing nets (quivered)
 d - a javelin
Armour
 b - a +1 hat (worn)
 H - an orb of light
Jewellery
 g - a ring of willpower (left tentacle)
 l - a ring of ice
 m - a +6 ring of strength (right tentacle)
 n - a +6 ring of dexterity (on tentacle)
 p - a +6 ring of strength (on tentacle)
 t - an amulet of the acrobat
 y - an amulet of reflection (around mantle)
 D - a ring of willpower (on tentacle)
 F - a ring of flight (on tentacle)
Wands
 o - a wand of light (5)
 z - a wand of polymorph (6)
 G - a wand of roots (4)
Scrolls
 f - 2 scrolls of fog
 x - a scroll of blinking
Potions
 e - a potion of invisibility
 i - a potion of haste
 j - a potion of degeneration {unknown}
 q - a potion of resistance
 r - 4 potions of might
 s - 2 potions of brilliance
 u - a potion of curing {unknown}
 v - a potion of attraction {unknown}
 w - a potion of magic {unknown}
 C - a potion of enlightenment {unknown}
 E - 2 potions of ambrosia {unknown}
 I - a potion of cancellation {unknown}
Miscellaneous
 J - a tin of tremorstones (2/2)


   Skills:
 + Level 9.1 Fighting
 + Level 9.4 Long Blades
 - Level 2.0 Throwing
 + Level 9.3 Dodging
 + Level 11.8 Stealth


You had 9 spell levels left.
You knew the following spells:

 Your Spells              Type           Power      Damage    Failure   Level
a - Magic Dart            Conj           0%         1d3       36%         1

Your spell library contained the following spells:

 Spells                   Type           Power      Damage    Failure   Level
 Apportation              Tloc           0%         N/A       36%         1
 Summon Small Mammal      Summ           0%         N/A       36%         1
 Call Imp                 Summ           0%         N/A       50%         2
 Ensorcelled Hibernation  Hex/Ice        0%         N/A       50%         2
 Searing Ray              Conj           0%         2d4       50%         2
 Call Canine Familiar     Summ           0%         N/A       75%         3
 Mephitic Cloud           Conj/Pois/Air  0%         N/A       75%         3
 Spider Form              Tmut/Pois      0%         N/A       75%         3
 Summon Guardian Golem    Hex/Summ       0%         N/A       75%         3
 Anguish                  Hex/Necr       0%         N/A       98%         4
 Fulminant Prism          Conj/Hex       0%         3d5       98%         4
 Alistair's Intoxication  Tmut/Pois      0%         N/A       100%        5


Dungeon Overview and Level Annotations

Branches:
Dungeon (10/15)            Temple (1/1) D:7            Lair (0/5) D:10
    Orc: D:9-12

Altars:
Ashenzari
Cheibriados
Dithmenos
Elyvilon
Fedhas
Gozag
Hepliaklqana
Kikubaaqudgha
Makhleb
Nemelex Xobeh
Okawaru
Qazlal
Ru
Sif Muna
Trog
Uskayaw
Wu Jian
Xom
Yredelemnul
Zin

Shops:
D:8 (

Annotations:
D:10 Lodul


Innate Abilities, Weirdness & Mutations

You cannot wear most types of armour.
You are amphibious.
You can wear up to eight rings at the same time.
Your skin changes colour to match your surroundings (Stealth+).
Your rubbery body absorbs attacks. (AC +1, EV +1)
((You are camouflaged when in or above water. (Stealth+)))
You have tentacles for arms and can constrict up to eight enemies at once.


Message History

The ogre shouts!
You slice the ogre!!
The ogre is severely wounded.
You block the kobold brigand's attack. The ogre completely misses you.
You slash the ogre!
You kill the ogre!
Dithmenos accepts your kill. The kobold brigand misses you.
You slash the ogre! Your squeeze misses the ogre.
The ogre is severely wounded.
The kobold brigand completely misses you.
The ogre closely misses you.
You slash the ogre!
The ogre is almost dead.
The kobold brigand completely misses you.
You barely miss the kobold brigand. You grab the kobold brigand.
The kobold brigand is lightly wounded.
You constrict the kobold brigand. The ogre completely misses you.
The kobold brigand misses you.
You slash the kobold brigand!
The kobold brigand is severely wounded.
You constrict the kobold brigand. The kobold brigand barely misses you.
The ogre barely misses you.
You hit the kobold brigand.
You kill the kobold brigand!
Dithmenos accepts your kill.
Things that are here:
a +0 whip; a curare-tipped dart The ogre attacks as you move away!
The ogre barely misses you.
Things that are here:
a +0 short sword; a +0 whip; a kobold corpse The ogre attacks as you move away!
The ogre closely misses you.
Electricity crackles from Lodul's apparatus.
The bolt of lightning hits you!!
* * * LOW HITPOINT WARNING * * *
Found a book of Winter.
Lodul shouts, "Intruder!"
Electricity crackles from Lodul's apparatus.
The bolt of lightning hits you!!
You die...

###.### #...#####.######.....
##..# #....).)OO...# #..... #.O##
#..#########.######## #.#######
#O..# #... ........# # #O#.###'##
........# ####. #.#.......
......(.###....#########.#.......
........#............O...#>......
<<......# #.:...@.O...O#.'.......
..........#............###.......
........###............# #.......
........# ##########.### #######+
#####.### #..# .# #.## # #.# #.#
######.###


You could see Lodul and 2 ogres.

Vanquished Creatures
  A two-headed ogre (D:10)
  A cyclops (D:9)
  3 unseen horror zombies (D:9)
  A kobold demonologist (D:9)
  Grinder (D:3)
  Sigmund (D:3)
  A wyvern (D:8)
  15 yaks
  A steam dragon (D:8)
  A wraith (D:10)
  2 vampire mosquitoes (D:10)
  2 water moccasins (D:7)
  An ice beast (D:6)
  5 ogres
  An orc warrior (D:9)
  A sky beast (D:7)
  2 phantoms
  3 kobold brigands
  2 bullfrogs
  3 scorpions
  12 wights
  4 killer bees (D:7)
  A howler monkey (D:6)
  3 hounds (D:5)
  A jelly (D:7)
  4 centaur zombies (D:9)
  An orc priest (D:3)
  A gnoll bouda (D:8)
  Crazy Yiuf (D:3)
  A sleepcap (D:6)
  Jessica (D:2)
  6 iguanas
  Natasha (twice) (D:2)
  8 orc wizards
  3 howler monkey zombies (D:9)
  11 gnolls
  11 adders
  2 white imps
  2 worms
  3 dart slugs
  24 orcs
  5 bats
  10 endoplasms
  10 goblins
  10 hobgoblins
  4 jackals (D:1)
  30 kobolds
  6 quokkas
  6 ball pythons
  3 frilled lizards
  2 rats
236 creatures vanquished.

Notes
Turn   | Place    | Note
-------+----------+-------------------------------------------
     0 | D:1      | senseless the Octopode Gladiator began the quest for the
                  | Orb.
     0 | D:1      | Reached XP level 1. HP: 14/14 MP: 1/1
    38 | D:1      | Reached XP level 2. HP: 4/19 MP: 2/2
   329 | D:1      | Reached XP level 3. HP: 25/25 MP: 3/3
   966 | D:2      | Reached XP level 4. HP: 31/31 MP: 4/4
   971 | D:2      | Noticed Natasha
   980 | D:2      | Killed Natasha
  1183 | D:2      | Noticed Natasha
  1190 | D:2      | Killed Natasha
  1191 | D:2      | Reached skill level 1 in Stealth
  1191 | D:2      | Reached XP level 5. HP: 36/36 MP: 5/5
  1209 | D:2      | Noticed Jessica
  1217 | D:2      | Killed Jessica
  1783 | D:3      | Found a white marble altar of Elyvilon.
  1827 | D:3      | Found Papsam's Jewellery Shoppe.
  1850 | D:3      | Found a faded altar of an unknown god.
  2024 | D:3      | Reached skill level 2 in Stealth
  2205 | D:3      | Reached XP level 6. HP: 33/43 MP: 6/6
  2219 | D:3      | Reached skill level 3 in Stealth
  2289 | D:3      | Noticed Sigmund
  2291 | D:3      | Noticed Grinder
  2302 | D:3      | Killed Grinder
  2303 | D:3      | Reached skill level 4 in Stealth
  2303 | D:3      | Reached XP level 7. HP: 37/48 MP: 7/7
  2350 | D:3      | Killed Sigmund
  2351 | D:3      | Reached skill level 5 in Long Blades
  2351 | D:3      | Reached skill level 5 in Dodging
  2512 | D:3      | Found a runed translucent door.
  2513 | D:3      | Noticed Crazy Yiuf
  2752 | D:3      | Killed Crazy Yiuf
  2871 | D:4      | Reached skill level 5 in Stealth
  3064 | D:4      | Reached XP level 8. HP: 41/54 MP: 8/8
  3163 | D:4      | Reached skill level 5 in Fighting
  3250 | D:4      | Found a hazy altar of Hepliaklqana.
  3418 | D:5      | Entered Level 5 of the Dungeon
  3694 | D:5      | Reached skill level 6 in Stealth
  4478 | D:6      | Reached skill level 7 in Stealth
  4522 | D:6      | Learned a level 1 spell: Magic Dart
  4592 | D:6      | Reached XP level 9. HP: 62/62 MP: 9/9
  4624 | D:6      | Found a broken altar of Ashenzari.
  5168 | D:7      | Found a shimmering blue altar of Sif Muna.
  5201 | D:7      | Found an opulent altar of Gozag.
  5433 | D:7      | Reached skill level 8 in Stealth
  5880 | D:7      | Found a staircase to the Ecumenical Temple.
  5889 | Temple   | Entered the Ecumenical Temple
  5923 | Temple   | Became a worshipper of Dithmenos the Shadowed
  6322 | D:8      | Found Ciurim's Weapon Emporium.
  6487 | D:8      | Found a stormy altar of Qazlal.
  6660 | D:8      | Reached skill level 9 in Stealth
  6845 | D:9      | Reached XP level 10. HP: 59/71 MP: 10/10
  7020 | D:9      | Reached skill level 10 in Stealth
  7201 | D:9      | Found a basalt altar of Yredelemnul.
  7206 | D:9      | Reached * piety under Dithmenos
  7391 | D:9      | Found a snail-covered altar of Cheibriados.
  7660 | D:9      | Noticed a kobold demonologist
  7673 | D:9      | Killed a kobold demonologist
  8014 | D:9      | Noticed a cyclops
  8029 | D:9      | Reached ** piety under Dithmenos
  8030 | D:9      | Reached skill level 11 in Stealth
  8036 | D:9      | Killed a cyclops
  8037 | D:9      | Reached XP level 11. HP: 49/78 MP: 11/11
  8434 | D:10     | Entered Level 10 of the Dungeon
  8480 | D:10     | Noticed a two-headed ogre
  8492 | D:10     | Killed a two-headed ogre
  8498 | D:10     | Noticed Lodul
  8530 | D:10     | HP: 3/80 [Lodul/+0 dire flail (26)]
  8907 | D:10     | Found a staircase to the Lair.
  8975 | D:10     | Killed from afar by Lodul

Illustrated notes

Levels and vault maps discovered:
D:1:      dpeg_arrival_morbid_curiosity, layout_loops_ring,
          corexii_item_surrounded_by_moat, minmay_domino_4
D:2:      layout_basic, ebering_dispersal_statue_hall, guppyfry_early_orc_mine,
          uniq_natasha, uniq_jessica
D:3:      minmay_wonky_spiral, layout_basic, elyvilon_altar_3,
          ebering_ecumenical_altar_box, serial_shops, shop, grunt_ministairs_7,
          uniq_grinder, uniq_sigmund, uniq_crazy_yiuf_cottage
D:4:      layout_basic, mainiacjoe_overflow_cross_hatched
D:5:      layout_rooms
D:6:      layout_basic, ashenzari_altar_1
D:7:      layout_loops_cross, lemuel_blue_sif_altar,
          mainiacjoe_overflow_alcove_2, temple_hall
D:8:      layout_cave_pools, overflow_temple_1_default, serial_shops,
          nicolae_square_shop, chequers_serial_rivers_small_b
D:9:      layout_stronghold, slow_altar_2, nicolae_yredelemnul_corpse_copse
D:10:     layout_roguey, mainiacjoe_overflow_paths, vehumet_statue,
          lair_entry_dummy, david_orc_3, uniq_lodul
Temple:   nicolae_temple_godzebo

Skill      XL: |  1  2  3  4  5  6  7  8  9 10 11 |
---------------+----------------------------------+-----
Fighting       | 3 4 6 7 8 9 |  9.1
Stealth        | 1 2 4 5 7 9 11 | 11.8
Long Blades    | 4 5 6 7 9 |  9.4
Dodging        | 4 5 6 7 8 9 |  9.3
Throwing       | |  2.0

Action                     |  1- 3 |  4- 6 |  7- 9 | 10-12 || total
---------------------------+-------+-------+-------+-------++-------
  Melee: Long sword        |    46 |       |       |       ||    46
         Constrict         |    20 |    16 |    45 |    22 ||   103
         Tentacles         |     8 |    16 |    58 |    55 ||   137
         Dagger            |    18 |    79 |    17 |       ||   114
         Punch             |       |     2 |     6 |     5 ||    13
         Falchion          |       |       |   202 |    75 ||   277
         Scimitar          |       |       |       |   110 ||   110
    Use: Scroll            |     3 |     4 |    12 |     1 ||    20
         Potion            |       |     1 |     1 |     1 ||     3
   Stab: Sleeping          |     7 |    10 |    32 |     9 ||    58
         Distracted        |     1 |       |       |       ||     1
 Armour: Skin              |     3 |     3 |     7 |     9 ||    22
  Dodge: Dodged            |    61 |    18 |   107 |   171 ||   357
  Block: Other             |       |       |    19 |    46 ||    65
         Reflection        |       |       |     3 |     3 ||     6

Table legend: (Time is in decaauts)
 A = Elapsed time spent in this place.
 B = Non-inter-level travel time spent in this place.
 C = Inter-level travel time spent in this place.
 D = Time resting spent in this place.
 E = Time spent auto-exploring this place.
 F = Levels seen in this place.
 G = Mean time per level.
                   A        B        C        D        E       F      G
               +--------+--------+--------+--------+--------+-----+--------+
         Total |   8928 |   8510 |    418 |   1152 |   5865 |  11 |  811.6 |
       Dungeon |   8864 |   8474 |    390 |   1152 |   5838 |  10 |  886.4 |
        Temple |     63 |     35 |     28 |      0 |     27 |   1 |   63.0 |
               +--------+--------+--------+--------+--------+-----+--------+

Top non-repeatable levels by time:
     D:9: 1726 daAuts
     D:7: 1234 daAuts
     D:3: 1227 daAuts
     D:6: 962 daAuts
     D:1: 918 daAuts
     D:8: 687 daAuts
     D:2: 660 daAuts
     D:5: 580 daAuts
     D:4: 578 daAuts
    D:10: 288 daAuts
  Temple: 63 daAuts
